[Event "Worldchess Armageddon 2019"]
[Site "Moscow"]
[Date "2019.06.11"]
[Round "3.1"]
[White "Wei, Yi"]
[Black "Kramnik, Vladimir"]
[Result "0-1"]
[ECO "A13"]
[WhiteElo "2741"]
[BlackElo "2753"]
[Annotator "RC"]
[PlyCount "152"]
[EventDate "2019.06.10"]
[EventCountry "RUS"]
[SourceTitle "playchess.com"]
[Source "ChessBase"]
[SourceQuality "1"]
[TimeControl "180+2"]

1. c4 e6 2. g3 d5 3. Bg2 Nf6 4. Nf3 dxc4 5. O-O a6 6. Qc2 c5 7. Ne5 Ra7 8. a4 b6 9. Na3 Bb7 10. Naxc4 Bxg2 11. Kxg2 Be7 12. b3 O-O 13. Bb2 Nc6 14. Nxc6 Qd5+ 15. e4 Qxc6 16. d3 Nd7 17. f4 Raa8 18. f5 b5 19. Ne3 Bf6 20. Bxf6 Nxf6 21. g4 Rad8 22. g5 Nd7 23. axb5 axb5 24. Qc3 b4 25. Qb2 Qd6 26. Rad1 Ne5 27. Nc4 Nxc4 28. dxc4 Qxd1 29. Rxd1 Rxd1 30. fxe6 fxe6 31. Qe5 Rd2+ 32. Kg3 Rd3+ 33. Kg4 Rxb3 34. Qxe6+ Kh8 35. h4 Rbf3 36. Kh5 b3 37. Qe5 Rf2 38. Qxc5 b2 39. Qb6 Rh2 40. Kg4 Re2 41. Kh5 Rxe4 42. Qxb2 Rxc4 43. Qe5 Rfc8 44. Qb2 Kg8 45. Qf2 Rf8 46. Qe1 Kh8 47. Qe5 Rfc8 48. Qg3 Re8 49. Qf2 Rcc8 50. Qd4 Red8 51. Qe4 Re8 52. Qd4 Rcd8 53. Qc4 Re7 54. Qb4 Rde8 55. Qd4 Re6 56. Qc4 Kg8 57. Qd5 Kh8 58. Qd4 h6 59. Qc4 Kh7 60. Qc7 hxg5 61. hxg5 Re5 62. Qc2+ Kh8 63. Qh2 Kg8 64. Qa2+ R5e6 65. Qd5 Kh7 66. Qb7 R8e7 67. g6+ Kg8 68. Qb3 Kf8 69. Qf3+ Kg8 70. Qb3 Kf8 71. Qf3+ Rf6 72. Qd5 Rfe6 73. Qf3+ Kg8 74. Qd5 Kh8 75. Qb3 Re4 76. Qb8+ Re8 0-1

[Event "Worldchess Armageddon 2019"]
[Site "Moscow"]
[Date "2019.06.12"]
[Round "5.2"]
[White "Inarkiev, Ernesto"]
[Black "Dubov, Daniil"]
[Result "0-1"]
[ECO "B32"]
[WhiteElo "2693"]
[BlackElo "2700"]
[Annotator "ChessBase"]
[PlyCount "102"]
[EventDate "2019.06.10"]
[EventCountry "RUS"]
[SourceTitle "playchess.com"]
[Source "ChessBase"]
[SourceQuality "1"]
[TimeControl "180+2"]

1. e4 c5 2. Nf3 Nc6 3. d4 cxd4 4. Nxd4 e5 5. Nb5 d6 6. N1c3 a6 7. Na3 b5 8. Nd5 Nge7 9. c4 Nxd5 10. cxd5 Nd4 11. Be3 Be7 12. Bxd4 exd4 13. Bd3 O-O 14. O-O Bf6 15. Nc2 Bd7 16. Qe2 Rc8 17. Nb4 Qb6 18. f4 Rfe8 19. Kh1 a5 20. Nc6 b4 21. Rac1 Bxc6 22. dxc6 Rxc6 23. Rxc6 Qxc6 24. e5 Qc7 25. Bxh7+ Kxh7 26. Qd3+ Kg8 27. exf6 Qc5 28. Qg3 g6 29. Qg5 Qxg5 30. fxg5 d3 31. Kg1 Re2 32. Rd1 Rxb2 33. Rxd3 Rxa2 34. h4 a4 35. Kh2 b3 36. Rxd6 b2 37. Rb6 a3 38. Rb8+ Kh7 39. Rb7 Ra1 40. Rxf7+ Kg8 41. Rg7+ Kf8 42. h5 b1=Q 43. hxg6 Qg1+ 44. Kg3 Qe3+ 45. Kg4 Qe4+ 46. Kg3 Qe5+ 47. Kg4 Qe4+ 48. Kg3 Rf1 49. Rf7+ Ke8 50. Re7+ Qxe7 51. fxe7 Kxe7 0-1

[Event "Worldchess Armageddon 2019"]
[Site "Moscow"]
[Date "2019.06.13"]
[Round "8.2"]
[White "Radjabov, Teimour"]
[Black "Kramnik, Vladimir"]
[Result "1/2-1/2"]
[ECO "D30"]
[WhiteElo "2759"]
[BlackElo "2753"]
[Annotator "RC"]
[PlyCount "118"]
[EventDate "2019.06.10"]
[EventCountry "RUS"]
[SourceTitle "playchess.com"]
[Source "ChessBase"]
[SourceQuality "1"]
[TimeControl "180+2"]

1. d4 Nf6 2. c4 e6 3. Nf3 d5 4. Bg5 dxc4 5. Qa4+ Nbd7 6. Bxf6 gxf6 7. Nc3 a6 8. e3 b5 9. Nxb5 axb5 10. Qxa8 Bb4+ 11. Kd1 Nb6 12. Qe4 O-O 13. h4 Nd5 14. Rh3 f5 15. Qc2 Bd6 16. Be2 Kh8 17. Ke1 Bb7 18. Kf1 Rg8 19. a4 c6 20. b3 c3 21. axb5 cxb5 22. Bxb5 Qf8 23. Ra7 Qb8 24. Ra4 Nb4 25. Qe2 c2 26. Ra1 Be4 27. Ng5 Qc7 28. Bc4 Bd5 29. Rc1 f6 30. Nf3 Rc8 31. Ne1 Bxc4 32. bxc4 Qxc4 33. Qxc4 Rxc4 34. Ke2 Bc7 35. h5 Kg7 36. Rh1 e5 37. Nxc2 Na2 38. dxe5 Nxc1+ 39. Rxc1 fxe5 40. Kd1 Kh6 41. Ne1 Rxc1+ 42. Kxc1 e4 43. Kd2 Ba5+ 44. Ke2 Kxh5 45. Nc2 Kg5 46. Nd4 Bb6 47. Ne6+ Kf6 48. Nf4 Ba5 49. g3 Ke5 50. Kf1 Bb4 51. Kg2 Be1 52. Ne2 Kf6 53. Nd4 Kg6 54. Ne6 Kf6 55. Nf4 Kg5 56. Kf1 Ba5 57. Ke2 Kg4 58. Nd5 Bd8 59. Nf4 Bg5 1/2-1/2

[Event "Worldchess Armageddon 2019"]
[Site "Moscow"]
[Date "2019.06.16"]
[Round "14.3"]
[White "Nepomniachtchi, Ian"]
[Black "Karjakin, Sergey"]
[Result "0-1"]
[ECO "C54"]
[WhiteElo "2775"]
[BlackElo "2748"]
[Annotator "RC"]
[PlyCount "108"]
[EventDate "2019.06.10"]
[EventCountry "RUS"]
[SourceTitle "playchess.com"]
[Source "ChessBase"]
[SourceQuality "1"]
[TimeControl "180+2"]

1. e4 e5 2. Nf3 Nc6 3. Bc4 Bc5 4. c3 Nf6 5. d4 exd4 6. e5 d5 7. Bb5 Ne4 8. cxd4 Bb6 9. Nc3 O-O 10. Be3 Bg4 11. h3 Bh5 12. Qc2 Bg6 13. Qb3 Ne7 14. O-O c6 15. Bd3 Nd2 16. Nxd2 Bxd3 17. Rfe1 Ng6 18. Na4 Bf5 19. Rac1 h6 20. Nc5 Bxc5 21. Rxc5 Rb8 22. Nf1 Ne7 23. Qa3 b6 24. Rc3 Qd7 25. Rec1 Rfc8 26. Bf4 Be6 27. Ne3 c5 28. dxc5 d4 29. Rd3 Nc6 30. cxb6 axb6 31. b3 b5 32. Qb2 Qe7 33. Nf1 Bf5 34. Rdd1 Qe6 35. Ng3 Bg6 36. Rc5 d3 37. Rdc1 Nb4 38. Rxc8+ Rxc8 39. Rxc8+ Qxc8 40. a4 bxa4 41. bxa4 Qc4 42. Bd2 Nc6 43. a5 Qa4 44. Qc3 h5 45. Kh2 Kh7 46. Qc5 Nd4 47. Qd6 Nb3 48. Bc3 Nxa5 49. Qa6 Qf4 50. Qxa5 h4 51. Bd2 hxg3+ 52. fxg3 Qe4 53. Bc3 Qe2 54. e6 Be4 0-1